 Dungeon Crawl Stone Soup version 0.28.0-45-g0d030f2227 (webtiles) character file.

Game seed: 14644164653256141765

8 McKennaii the Conjurer (level 2, 19/19 HPs)
             Began as a Demonspawn Conjurer on Apr 14, 2022.
             Quit the game on level 1 of the Dungeon.
             The game lasted 00:00:47 (496 turns).

McKennaii the Conjurer (Demonspawn Conjurer)         Turns: 496, Time: 00:00:48

Health: 19/19      AC:  2    Str:  7    XL:     2   Next: 0%
Magic:  0/5        EV: 12    Int: 19    God:
Gold:   4          SH:  0    Dex: 13    Spells: 4/5 levels left

rFire   . . .      SeeInvis .   (no weapon)
rCold   . . .      Faith    .   (no shield)
rNeg    . . .      Spirit   .   a - +0 robe
rPois   .          Reflect  .   (no helmet)
rElec   .          Harm     .   (no cloak)
rCorr   .          Rampage  .   (no gloves)
Will    .....                   (no boots)
Stlth   +++.......              (no amulet)
HPRegen 0.06/turn               (no ring)
MPRegen 0.09/turn               (no ring)

@: no status effects
A: thin skeletal structure 1
a: no special abilities


You were on level 1 of the Dungeon.
You visited 1 branch of the dungeon, and saw 1 of its levels.

You collected 4 gold pieces.

Inventory:

Armour
 a - a +0 robe (worn)
Scrolls
 b - a scroll of fog {unknown}
 c - a scroll of identify {unknown}
Potions
 d - a potion of curing {unknown}


   Skills:
 - Level 1.7 Dodging
 - Level 1.7 Stealth
 + Level 2.3 Spellcasting
 + Level 4.2 Conjurations


You had 4 spell levels left.
You knew the following spells:

 Your Spells              Type           Power      Damage    Failure   Level
a - Magic Dart            Conj           72%        1d6       3%          1

Your spell library contained the following spells:

 Spells                   Type           Power      Damage    Failure   Level
 Searing Ray              Conj           36%        2d5       4%          2
 Dazzling Flash           Conj/Hex       20%        N/A       21%         3
 Fulminant Prism          Conj/Hex       5%         3d7       56%         4
 Iskenderun's Mystic Bla  Conj/Tloc      10%        2d4       56%         4


Dungeon Overview and Level Annotations

Branches:
Dungeon (1/15)

Altars:


Innate Abilities, Weirdness & Mutations

You have a somewhat thin skeletal structure. (Dex +2, Stealth+)


Message History

b - a scroll labelled TYTILI GYCWYPN You can't see any susceptible monsters within range! (Use Z to cast anyway.)
You open the door.
There is an open door here.
You open the door.
A rat comes into view.
Found a club and a dagger.
There is an open door here.
The magic dart hits the rat.
You kill the rat!
Found a stone staircase leading down.
You can't see any susceptible monsters within range! (Use Z to cast anyway.)
You see here a +0 club.
Found a faded altar of an unknown god.
You can't see any susceptible monsters within range! (Use Z to cast anyway.)
Found a leather armour.
You can't see any susceptible monsters within range! (Use Z to cast anyway.)
You see here a +0 leather armour.
c - a scroll labelled COM PIRGHOS You can't see any susceptible monsters within range! (Use Z to cast anyway.)
d - a yellow potion Key pressed, stopping explore.
You can't see any susceptible monsters within range! (Use Z to cast anyway.)
A jackal comes into view.
The magic dart hits the jackal.
The jackal is heavily wounded.
A jackal comes into view. x2
There are monsters nearby!
The magic dart hits the jackal.
The jackal is severely wounded.
The jackal barks!
There are monsters nearby!
The magic dart hits the jackal.
You kill the jackal!
You have reached level 2!
Your demonic ancestry asserts itself...
Your bones become slightly less dense.
A jackal comes into view.
Autopickup is now off.
Are you sure you want to abandon this character and quit the game? (Confirm with "yes".)

### ### ####### ##.#####.#
#.#.#.########
.........####...#.........
#.............#.#.###########
##.#####.##.................#
#.##..#.#......#...........##
#.##..#.#.#..................
##.##..#.#.#########....#####
...#............@..h.h......h.
...##.##.#.################...
...........########.#. #
.............)....>...
......###########....g
.).##.#♣ ♣..♣♣# ...
##.###.♣♣.....#+ # ...#
♣≈♣........ ...#♣♣≈≈..###♣..


You could see 2 jackals.

Vanquished Creatures
  4 jackals (D:1)
  2 kobolds (D:1)
  2 rats (D:1)
8 creatures vanquished.

Notes
Turn   | Place    | Note
-------+----------+-------------------------------------------
     0 | D:1      | McKennaii the Demonspawn Conjurer began the quest for the
                  | Orb.
     0 | D:1      | Reached XP level 1. HP: 13/13 MP: 3/3
   372 | D:1      | Found a faded altar of an unknown god.
   490 | D:1      | Gained mutation: You have a somewhat thin skeletal
                  | structure. (Dex +2, Stealth+) [demonic ancestry]
   490 | D:1      | Reached XP level 2. HP: 19/19 MP: 0/5
   496 | D:1      | Quit the game

Illustrated notes

Levels and vault maps discovered:
D:1:      sevenhm_arrival_forest_fort_small_5, layout_basic,
          ebering_ecumenical_altar_mist

Action                   || total
-------------------------++-------
Melee: Unarmed           ||    18
 Cast: Magic Dart        ||    12
Armor: Robe              ||     3
Dodge: Dodged            ||    16
